AoeStats
← Sitoru Gojo

Hideout

507777947Analyzed
1v1 RM · 13d ago on Sep 19, 2026· 26m 49s· 2 players
Game mode
Random Map
Map size
Tiny (2 player)
Population
200
Speed
Normal
Resources
Standard
Victory
Conquest
Starting age
Dark Age
Ending age
Imperial Age
RankedLock teamsTeams togetherTeam positionsShared explorationLock speedFull tech treeHidden civsTurbo modeCheats
Victory
Defeat
🇬🇧 Sicilians · United Kingdom
613
+24
🇲🇽 Italians · Mexico
627
-32
Lazytwotgamer
3:57 Loom
10:49 Feudal Age
11:24 Double-Bit Axe
16:51 Scale Mail Armor
18:59 Gold Mining
18:37 Man-at-Arms
19:36 Padded Archer Armor
21:28 Arson
23:08 Wheelbarrow
24:32 Fletching
24:55 Forging
25:33 Horse Collar
Sitoru Gojo
6:37 Loom
11:41 Feudal Age
14:31 Loom
15:02 Forging
14:55 Scale Mail Armor
15:28 Double-Bit Axe
17:02 Wheelbarrow
24:00 Castle Age
22:49 Gold Mining
24:33 Pikeman
25:34 Chain Mail Armor
Connection lost

Rejoining the realm…

Still unreachable

The connection could not be restored.

Session expired

The server has moved on; the page needs a fresh start.